 Dungeon Crawl Stone Soup version 0.28.0-53-g5a82cb258f (webtiles) character file.

Game seed: 934730670718905955

32 eooof the Chopper (level 3, -9/34 HPs)
             Began as a Deep Dwarf Berserker on June 29, 2022.
             Was a Follower of Trog (penitent).
             Killed by divine providence
             ... invoked by an orc priest
              (12 damage)
             ... on level 4 of the Dungeon.
             The game lasted 00:05:15 (632 turns).

eooof the Chopper (Deep Dwarf Berserker)             Turns: 632, Time: 00:05:16

Health: -9/34      AC:  6    Str: 22    XL:     3   Next: 10%
Magic:  2/2        EV: 10    Int:  7    God:    Trog [*.....]
Gold:   41         SH:  0    Dex: 12    Spells: 0/2 levels left

rFire   . . .      SeeInvis .   a - +0 hand axe
rCold   . . .      Faith    .   (no shield)
rNeg    . . .      Spirit   .   f - +0 scale mail
rPois   .          Reflect  .   (no helmet)
rElec   .          Harm     .   (no cloak)
rCorr   .          Rampage  .   (no gloves)
Will    .....                   (no boots)
Stlth   ..........              e - amulet of magic regeneration
HPRegen 0.00/turn               (no ring)
MPRegen 0.48/turn               (no ring)

@: no status effects
A: damage resistance, heal wounds, sense surroundings 1, no regeneration
a: Heal Wounds, Renounce Religion


You were on level 4 of the Dungeon.
You worshipped Trog.
Trog was demanding penance.
You visited 1 branch of the dungeon, and saw 4 of its levels.

You collected 41 gold pieces.

Inventory:

Hand Weapons
 a - a +0 hand axe (weapon)
Armour
 b - a +0 animal skin
 f - a +0 scale mail (worn)
Jewellery
 e - an amulet of magic regeneration (around neck)
Scrolls
 c - a scroll of fog {unknown}
 d - a scroll of identify {unknown}


   Skills:
 + Level 3.0 Fighting
 + Level 3.7 Axes
 + Level 2.7 Armour
 + Level 2.7 Dodging


You couldn't memorise any spells.
You knew the following spells:

 Your Spells              Type           Power      Damage    Failure   Level
a - Passwall              Tmut/Erth      0%         N/A       88%         2

Your spell library contained the following spells:

 Spells                   Type           Power      Damage    Failure   Level
 Ensorcelled Hibernation  Hex/Ice        0%         N/A       88%         2
 Swiftness                Air            0%         N/A       98%         3


Dungeon Overview and Level Annotations

Branches:
Dungeon (4/15)
 Temple: D:4-7

Altars:


Innate Abilities, Weirdness & Mutations

You are resistant to damage.
You can heal yourself by infusing magical energy.
You passively map a small area around you.
You do not regenerate.


Message History

You hit the orc but do no damage. You hit the orc priest.
You barely miss the orc. The orc hits you but does no damage.
A black bear comes into view.
The orc priest hits you but does no damage.
The orc hits you with a +0 vorpal flail.
You barely miss the orc priest.
The orc priest is severely wounded.
The black bear growls angrily.
You hit the orc. x2; You hit the orc priest.
The orc hits you with a +4 dagger.
* * * LOW HITPOINT WARNING * * *
The orc priest hits you but does no damage.
The orc hits you with a +0 vorpal flail.
The orc priest hits you but does no damage.
You hit the orc priest but do no damage.
The orc priest is severely wounded.
You hit the orc.
You kill the orc!
Trog accepts your kill.
You barely miss the orc. You barely miss the orc priest.
The orc hits you but does no damage.
The orc priest hits you with a +0 short sword.
The orc priest hits you with a +0 club.
* * * LOW HITPOINT WARNING * * *
The orc hits you but does no damage.
You hit the orc priest.
The orc priest is severely wounded.
You closely miss the orc priest. You barely miss the orc.
You closely miss the goblin.
The orc priest hits you with a +0 short sword.
The orc priest barely misses you. The goblin barely misses you.
The orc hits you with a +4 dagger.
* * * LOW HITPOINT WARNING * * *
The orc priest hits you but does no damage.
You barely miss the orc priest.
The orc priest is severely wounded.
You miss the goblin. You hit the orc but do no damage.
You closely miss the orc priest.
The orc priest mumbles some strange prayers to Beogh against you.
Beogh smites you!
You die...

,, , ,^ ..
........ *
...##......#*
* *
........$..##
............#
,
.......h$...#
.......J...#
.....Joog.# ,
*#.o@..#
#.<..## *
##.### * ,
#.# , ### **


You could see a black bear, 2 orc priests, an orc, 2 endoplasms and a goblin.

Vanquished Creatures
  An adder (D:2)
  A worm (D:2)
  2 orcs (D:4)
  2 ball pythons (D:3)
  An endoplasm (D:2)
  2 giant cockroaches
  2 hobgoblins (D:2)
  2 kobolds
  A quokka (D:2)
  2 bats (D:2)
  A frilled lizard (D:2)
17 creatures vanquished.

Notes
Turn   | Place    | Note
-------+----------+-------------------------------------------
     0 | D:1      | eooof the Deep Dwarf Berserker began the quest for the Orb.
     0 | D:1      | Reached XP level 1. HP: 20/20 MP: 1/1
     6 | D:1      | You fall into a shaft and drop 1 floor!
   422 | D:2      | Reached XP level 2. HP: 21/27 MP: 2/2
   563 | D:3      | Reached XP level 3. HP: 6/34 MP: 3/3
   573 | D:3      | Was placed under penance by Trog
   576 | D:3      | Learned a level 2 spell: Passwall
   628 | D:4      | Noticed a black bear
   632 | D:4      | Killed from afar by an orc priest

Illustrated notes

Levels and vault maps discovered:
D:1:      evilmike_arrival_plus, layout_loops_ring,
          nicolae_ecumenical_snake_handling
D:2:      layout_basic
D:3:      layout_rooms, st_stairs_13
D:4:      layout_cave_pools, nemelex_spade_bored_becter, marbit_many_paths,
          enter_ossuary_2, uniq_eustachio

Skill      XL: |  1  2 |
---------------+-------+-----
Fighting       | 3 |  3.0
Axes           | |  3.7
Armour         | |  2.7
Dodging        | |  2.7

Action                   || total
-------------------------++-------
Melee: Hand axe          ||    76
       Punch             ||     2
 Abil: Heal Wounds       ||     1
  Use: Potion            ||     1
Armor: Animal skin       ||    17
       Scale mail        ||     9
Dodge: Dodged            ||    51
